 Dungeon Crawl Stone Soup version 0.22.1-2-g9c5b331 (webtiles) character file.

606 PipTheRed the Ruffian (level 7, 67/67 HPs)
             Began as a Troll Berserker on Nov 29, 2018.
             Was a Priest of Trog.
             Quit the game on level 5 of the Dungeon on Nov 30, 2018.
             The game lasted 00:30:01 (3806 turns).

PipTheRed the Ruffian (Troll Berserker)             Turns: 3806, Time: 00:30:02

Health: 67/67      AC:  6    Str: 27    XL:     7   Next: 19%
Magic:  6/6        EV: 11    Int:  4    God:    Trog [***...]
Gold:   323        SH:  2    Dex:  9    Spells: 6/6 levels left

rFire    . . .     SeeInvis .   k - +0 hunting sling (curse)
rCold    + . .     Gourm    +   (no shield)
rNeg     . . .     Faith    .   u - +0 animal skin (curse)
rPois    .         Spirit   .   (helmet restricted)
rElec    .         Reflect  +   o - +0 cloak
rCorr    .         Harm     .   (gloves unavailable)
MR       .....                  (boots unavailable)
Stlth    +.........             j - +2 amulet of reflection
HPRegen  0.61/turn              e - ring of protection from cold
MPRegen  0.10/turn              (no ring)

@: no status effects
A: large, unfitting armour, claws 3, fast metabolism 3, gourmand, regeneration
1, shaggy fur 1, tough skin 2
a: Berserk, Trog's Hand, Renounce Religion


You were on level 5 of the Dungeon.
You worshipped Trog.
Trog was most pleased with you.
You were not hungry.

You visited 2 branches of the dungeon, and saw 6 of its levels.

You collected 323 gold pieces.

Inventory:

Hand Weapons
 i - a +0 club
 k - a cursed +0 hunting sling (weapon)
 n - a +4 quarterstaff of chaos
 p - a +3 mace
 q - a +0 hunting sling
 t - a +0 scimitar
 x - a +0 giant spiked club
 y - a +0 hunting sling
Missiles
 d - 102 stones (quivered)
 l - 18 sling bullets
 w - 24 poisoned needles
Armour
 a - a +0 animal skin
 g - a +1 robe
 o - a +0 cloak (worn)
 r - a +0 robe
 s - a +0 robe
 u - a cursed +0 animal skin (worn)
Jewellery
 e - a ring of protection from cold (left claw)
 j - a +2 amulet of reflection (around neck)
Potions
 c - a potion of brilliance {unknown}
 f - a potion of cancellation {unknown}
 h - a potion of invisibility {unknown}
 m - a potion of flight {unknown}
 v - a potion of curing {unknown}
 z - a potion of agility {unknown}
Comestibles
 b - 6 rations


   Skills:
 + Level 3.4 Fighting
 + Level 0.2 Maces & Flails
 + Level 2.7 Slings
 + Level 0.2(2.2) Throwing
 * Level 3.8 Dodging
 + Level 0.2 Stealth
 * Level 5.2 Unarmed Combat


You had 6 spell levels left.
You didn't know any spells.
Your spell library was empty.

Dungeon Overview and Level Annotations

Branches:
Dungeon (5/15)             Temple (1/1) D:4

Altars:
Ashenzari
Dithmenos
Gozag
Makhleb
Nemelex Xobeh
Qazlal
Ru
Trog
Vehumet


Innate Abilities, Weirdness & Mutations

You are too large for most types of armour.
You have claws for hands.
Your metabolism is lightning-fast.
You like to eat raw meat.
Your natural rate of healing is unusually fast.
You are covered in fur. (AC +1)
You have very tough skin. (AC +2)


Message History

You enter a teleport trap!
The teleport trap disappears.
Your surroundings suddenly seem different.
You feel sick.
You are no longer poisoned.
HP restored.
There is a stone staircase leading up here.
You see here 18 arrows.
Found 24 poisoned needles.
You see here 24 poisoned needles.
w - 24 poisoned needles Done exploring.
Done exploring.
There is a stone staircase leading down here.
You can't go up here!
There are no items here.
You climb downwards.
There is a stone staircase leading up here.
You aren't carrying any scrolls.
Unknown command.
Are you sure you want to abandon this character and quit the game? (Confirm

###
#@#
#.#
#.#
#.#
#.#
..#
#.#
###


There were no monsters in sight!

Vanquished Creatures
  The ghost of RoboWizard the Sneak, an amateur DsAs (D:4)
  An ogre (D:4)
  A scorpion (D:4)
  Crazy Yiuf (D:2)
  An orc wizard (D:3)
  Jessica (D:3)
  Terence (D:2)
  Natasha (D:3)
  2 iguanas (D:4)
  Robin (D:3)
  A gnoll (D:1)
  5 adders
  An ooze (D:4)
  An adder skeleton (D:4)
  A worm (D:2)
  2 leopard geckos
  7 orcs (D:3)
  4 giant cockroaches
  9 goblins
  9 hobgoblins
  3 jackals (D:1)
  8 kobolds
  2 quokkas (D:2)
  A ball python (D:2)
  9 bats
  2 frilled lizards
  12 rats
  4 fungi (D:1)
92 creatures vanquished.

Notes
Turn   | Place    | Note
-------+----------+-------------------------------------------
     0 | D:1      | PipTheRed the Troll Berserker began the quest for the Orb.
     0 | D:1      | Reached XP level 1. HP: 22/22 MP: 0/0
   319 | D:1      | Reached XP level 2. HP: 29/29 MP: 1/1
   494 | D:1      | Reached XP level 3. HP: 33/36 MP: 2/2
   629 | D:1      | Reached ** piety under Trog
  1164 | D:2      | Noticed Terence
  1177 | D:2      | Killed Terence
  1177 | D:2      | Reached XP level 4. HP: 40/45 MP: 3/3
  1319 | D:2      | Found a runed door.
  1521 | D:2      | Noticed Crazy Yiuf
  1525 | D:2      | Killed Crazy Yiuf
  1525 | D:2      | Reached skill level 4 in Unarmed Combat
  1798 | D:3      | Noticed Jessica
  1800 | D:3      | Reached XP level 5. HP: 45/53 MP: 4/4
  1806 | D:3      | Killed Jessica
  2107 | D:3      | Reached *** piety under Trog
  2481 | D:3      | Noticed Robin
  2498 | D:3      | Killed Robin
  2690 | D:3      | Noticed Natasha
  2697 | D:3      | Killed Natasha
  2697 | D:3      | Reached skill level 1 in Slings
  2832 | D:4      | Reached XP level 6. HP: 61/61 MP: 5/5
  2975 | D:4      | Reached skill level 5 in Unarmed Combat
  3290 | D:4      | Found a staircase to the Ecumenical Temple.
  3311 | D:4      | Found a runed door.
  3324 | Temple   | Entered the Ecumenical Temple
  3392 | D:4      | Noticed RoboWizard's ghost (amateur DsAs)
  3421 | D:4      | Killed RoboWizard's ghost
  3421 | D:4      | Reached XP level 7. HP: 66/67 MP: 6/6
  3805 | D:5      | Entered Level 5 of the Dungeon
  3806 | D:5      | Quit the game

Skill      XL: |  1  2  3  4  5  6 |
---------------+-------------------+-----
Fighting       | 3 |  3.4
Dodging        | 3 |  3.8
Unarmed Combat | 4 5 |  5.2
Slings         | 1 2 |  2.7
Maces & Flails | |  0.2
Throwing       | |  0.2
Stealth        | |  0.2

Action                   |  1- 3 |  4- 6 |  7- 9 || total
-------------------------+-------+-------+-------++-------
Melee: Unarmed           |   124 |    21 |       ||   145
       Punch             |     1 |       |       ||     1
       Mace              |       |    28 |       ||    28
 Fire: Hunting sling     |       |   197 |    12 ||   209
Throw: Stone             |    13 |     2 |       ||    15
  Use: Scroll            |     3 |     3 |       ||     6
  Eat: Chunk             |    10 |    23 |       ||    33
Armor: Animal skin       |    34 |    25 |     2 ||    61
       Robe              |     5 |    50 |       ||    55
Dodge: Dodged            |    48 |   126 |     4 ||   178
Block: Other             |       |     2 |       ||     2
